 Dungeon Crawl Stone Soup version 0.20-a0-1006-ge6c5631 (webtiles) character file.

545 MTVSty1e the Shield-Bearer (level 7, -6/82 HPs)
             Began as a Formicid Fighter on Apr 13, 2017.
             Killed by divine providence
             ... invoked by an orc priest
              (13 damage)
             ... on level 4 of the Dungeon.
             The game lasted 00:06:33 (2781 turns).

MTVSty1e the Shield-Bearer (Formicid Fighter)       Turns: 2781, Time: 00:06:34

Health: -6/82      AC: 23    Str: 22    XL:     7   Next: 53%
Magic:  7/7        EV:  2    Int:  8    God:
Gold:   80         SH: 10    Dex: 10    Spells: 6/6 levels left

rFire    . . .     SeeInvis .   a - +0 war axe
rCold    . . .     Gourm    +   c - +0 shield
rNeg     + + +     Faith    .   (armour currently unavailable)
rPois    +         Spirit   .   (helmet unavailable)
rElec    .         Reflect  .   (cloak currently unavailable)
rCorr    .         Harm     .   (gloves currently unavailable)
MR       .....                  (boots currently unavailable)
Stlth    +.........             q - amulet of the gourmand
Regen    0.3/turn               (no ring)
MPRegen  0.1/turn               (no ring)

@: tree-form
A: permanent stasis, dig shafts and tunnels, four strong arms
a: no special abilities


You were on level 4 of the Dungeon.
You were not hungry.
You were a tree.
You visited 1 branch of the dungeon, and saw 4 of its levels.

You collected 80 gold pieces.

Inventory:

Hand Weapons
 a - a +0 war axe (weapon)
 t - a +2 mace of crushing
Armour
 b - a +1 scale mail (melded)
 c - a +0 shield (worn)
Jewellery
 q - an amulet of the gourmand (around neck)
Wands
 d - a wand of polymorph (0/24)
Scrolls
 e - 2 scrolls of identify
 h - a scroll of remove curse
Potions
 g - a potion of lignification
 k - a potion of cancellation {unknown}
 l - a potion of heal wounds {unknown}
 m - a potion of ambrosia {unknown}
 n - 2 potions of curing {unknown}
 p - a potion of resistance {unknown}
 r - a potion of magic {unknown}
Comestibles
 f - 5 bread rations
 i - 7 fruits


   Skills:
 + Level 4.6 Fighting
 + Level 4.0 Axes
 + Level 5.0 Armour
 + Level 2.7 Dodging
 + Level 5.4 Shields


You had 6 spell levels left.
You didn't know any spells.

Dungeon Overview and Level Annotations

Branches:
Dungeon (4/15)
 Temple: D:4-7

Altars:
Dithmenos
Okawaru
Sif Muna
Uskayaw


Innate Abilities, Weirdness & Mutations

You cannot be hasted, slowed, berserked, paralysed or teleported.
You can dig through walls and to a lower floor.
Your four strong arms can wield two-handed weapons with a shield.
((You have a pair of large antennae on your head. (SInv)))


Message History

You closely miss the orc priest. You hit the bullfrog.
You hit the scorpion but do no damage. You closely miss the orc.
You hit the orc. You slash the orc!
You kill the orc!
You block the orc priest's attack. The bullfrog hits you.
* * * LOW HITPOINT WARNING * * *
The orc hits you but does no damage. You block the orc's attack.
You block the scorpion's attack.
The bullfrog hits you but does no damage.
The orc priest hits you but does no damage.
You closely miss the orc priest. You slash the orc!
You kill the orc!
Your Armour skill increases to level 5!
You hit the orc. You closely miss the scorpion. You closely miss the bullfrog.
You block the bullfrog's attack. The orc hits you but does no damage.
The scorpion stings you.
* * * LOW HITPOINT WARNING * * *
The orc priest invokes the aid of Beogh against you.
Beogh smites you!
You die...

########## . ##........#
#.......... ...######.#
#.......... ...#
#.####.......... ..##
#.#............. ..#
#.#.# #......... .##
#...###..?...... ...
##..##.oFs...... ##.#
#..###..♣o...... ##.#
##...#..))......
...#######..............
##......###.............
...#....# ##...........#
...###..##..>..........#
........<.........####.#
...#.#.........#.... ..
...._..........#.....


You could see a bullfrog, a scorpion, an orc priest and an orc.

Vanquished Creatures
  Sigmund (D:3)
  The ghost of Malvoorn the Poker, an amateur MfSk (D:3)
  A scorpion (D:4)
  A worker ant (D:4)
  7 gnolls (D:3)
  3 adders
  An ooze (D:2)
  3 worms
  5 dart slugs
  3 leopard geckos
  6 orcs
  3 bats
  7 giant cockroaches
  7 goblins
  5 hobgoblins
  4 jackals (D:3)
  5 kobolds
  A quokka (D:3)
  A ball python (D:3)
  A frilled lizard (D:3)
  7 rats
73 creatures vanquished.

Notes
Turn   | Place    | Note
-------+----------+-------------------------------------------
     0 | D:1      | MTVSty1e the Formicid Fighter began the quest for the Orb.
     0 | D:1      | Reached XP level 1. HP: 18/18 MP: 1/1
   168 | D:1      | Reached XP level 2. HP: 24/24 MP: 2/2
   967 | D:2      | Reached XP level 3. HP: 19/29 MP: 3/3
  1108 | D:2      | Reached skill level 1 in Dodging
  1354 | D:2      | Reached XP level 4. HP: 32/35 MP: 4/4
  1900 | D:3      | Found an iron altar of Okawaru.
  1907 | D:3      | Reached XP level 5. HP: 32/41 MP: 5/5
  2121 | D:3      | Noticed Sigmund
  2122 | D:3      | Noticed Malvoorn's ghost (amateur MfSk)
  2129 | D:3      | Killed Malvoorn's ghost
  2129 | D:3      | Reached skill level 5 in Shields
  2129 | D:3      | Reached XP level 6. HP: 11/48 MP: 6/6
  2146 | D:3      | Killed Sigmund
  2146 | D:3      | Reached XP level 7. HP: 4/55 MP: 7/7
  2595 | D:3      | Found a shadowy altar of Dithmenos.
  2595 | D:3      | Found a hide-covered altar of Uskayaw.
  2620 | D:4      | Found a deep blue altar of Sif Muna.
  2781 | D:4      | Reached skill level 5 in Armour
  2781 | D:4      | Killed from afar by an orc priest

Vault maps used:
D:1:      dpeg_arrival_rooms_c, minmay_misc_feat_roman
D:3:      okawaru_trees_2, nicolae_overflow_hidden_temple,
          gammafunk_temple_overflow_wave, first_bread, guppyfry_early_lair_pool,
          uniq_sigmund
D:4:      lemuel_crystal_altar, kennysheep_generic_room_8

Skill      XL: |  1  2  3  4  5  6  7 |
---------------+----------------------+-----
Dodging        | 1 2 |  2.7
Shields        | 4 5 |  5.4
Armour         | 4 5 |  5.0
Axes           | 3 4 |  4.0
Fighting       | 4 |  4.6

Action                   |  1- 3 |  4- 6 |  7- 9 || total
-------------------------+-------+-------+-------++-------
Melee: War axe           |    79 |    86 |    53 ||   218
       Unarmed           |       |     8 |       ||     8
Evoke: Wand              |       |       |     1 ||     1
  Use: Scroll            |       |     7 |     1 ||     8
       Potion            |       |     1 |     1 ||     2
  Eat: Chunk             |     1 |     4 |     1 ||     6
Armor: Scale mail        |    29 |    42 |    16 ||    87
       Skin              |       |     2 |    18 ||    20
Dodge: Dodged            |    24 |    38 |    22 ||    84
Block: Shield            |    43 |    51 |    44 ||   138
